 Dungeon Crawl Stone Soup version 0.29-a0-529-gfa20dd96a1 (webtiles) character file.

Game seed: 16193301139915795378

2 bande the Covered (level 1, 0/14 HPs)
             Began as a Gargoyle Fighter on June 1, 2022.
             Slain by a gnoll
             ... wielding a +0 spear
              (8 damage)
             ... on level 1 of the Dungeon.
             The game lasted 00:00:17 (128 turns).

bande the Covered (Gargoyle Fighter)                 Turns: 128, Time: 00:00:18

Health: 0/14       AC:  9    Str: 19    XL:     1   Next: 40%
Magic:  1/1        EV:  9    Int:  8    God:
Gold:   0          SH:  4    Dex:  9    Spells: 0/0 levels left

rFire   . . .      SeeInvis .   a - +0 war axe
rCold   . . .      Faith    .   c - +0 buckler
rNeg    + . .      Spirit   .   b - +0 scale mail
rPois   ∞          Reflect  .   (no helmet)
rElec   +          Harm     .   (no cloak)
rCorr   .          Rampage  .   (no gloves)
Will    +....                   (no boots)
Stlth   ..........              (no amulet)
HPRegen 0.04/turn               f - ring of willpower
MPRegen 0.07/turn               (no ring)

@: no status effects
A: sickness immunity, AC +2, negative energy resistance 1, electricity
resistance, torment resistance 1, petrification resistance
a: no special abilities


You were on level 1 of the Dungeon.
You visited 1 branch of the dungeon, and saw 1 of its levels.

Inventory:

Hand Weapons
 a - a +0 war axe (weapon)
Armour
 b - a +0 scale mail (worn)
 c - a +0 buckler (worn)
Jewellery
 f - a ring of willpower (left hand)
Scrolls
 e - a scroll of teleportation {unknown}
Potions
 d - a potion of might
 g - a potion of invisibility {unknown}


   Skills:
 + Level 3.3 Fighting
 + Level 1.7 Axes
 + Level 3.3 Armour
 + Level 3.3 Shields


You couldn't memorise any spells.
You didn't know any spells.
Your spell library was empty.

Dungeon Overview and Level Annotations

Branches:
Dungeon (1/15)

Altars:


Innate Abilities, Weirdness & Mutations

You are immune to sickness and miasma.
Your stone body is resilient. (AC +2)
You are immune to poison.
You resist negative energy. (rN+)
You are resistant to electric shocks. (rElec)
You are resistant to unholy torment.
You are immune to petrification.


Message History

You open the door.
There is an open door here.
You see here 23 stones.
You open the large door.
There is a large open door here.
There is an open door here.
You open the large door.
There is a large open door here.
You enter the shallow water.
Moving in this stuff is going to be slow.
g - a brown potion A bat and a rat come into view.
A sourceless malevolence fills the Dungeon... and a teleportation trap spontaneously manifests!
You are yanked towards some nearby monsters!
Your surroundings suddenly seem different.
A ball python and an endoplasm come into view.
The ball python hisses angrily.
A gnoll and a frilled lizard come into view.
The endoplasm closely misses you.
You barely miss the endoplasm. The endoplasm freezes you.
You are frozen.
You slash the endoplasm!
You kill the endoplasm!
The ball python completely misses you. The ball python grabs you.
The ball python constricts you.
You hit the ball python.
You kill the ball python!
The gnoll hits you with a +0 spear.
You closely miss the gnoll. You miss the frilled lizard.
The gnoll hits you but does no damage.
The frilled lizard bites you but does no damage.
The gnoll barely misses you. The frilled lizard closely misses you.
You barely miss the gnoll. You barely miss the frilled lizard.
The gnoll closely misses you. The frilled lizard closely misses you.
You barely miss the gnoll. You closely miss the frilled lizard.
The gnoll closely misses you. The frilled lizard barely misses you.
The gnoll hits you with a +0 spear!
Ouch! That really hurt!
You die...

#.......#
#.......#
#.......+
#.......# .
#.......# ..
#.......#...
#...........
#.........#
#...@g....#
#...l.....#
#.........#
#.........#
#.........#
#.........#
#.........#
#.........#


You could see a gnoll and a frilled lizard.

Vanquished Creatures
  A ball python (D:1)
  An endoplasm (D:1)
2 creatures vanquished.

Notes
Turn   | Place    | Note
-------+----------+-------------------------------------------
     0 | D:1      | bande the Gargoyle Fighter began the quest for the Orb.
     0 | D:1      | Reached XP level 1. HP: 14/14 MP: 1/1
   128 | D:1      | Slain by a gnoll

Illustrated notes

Levels and vault maps discovered:
D:1:      dpeg_arrival_castle, layout_basic

Action                   || total
-------------------------++-------
Melee: War axe           ||     6
Armor: Scale mail        ||     2
Dodge: Dodged            ||     8

Table legend: (Time is in decaauts)
 A = Elapsed time spent in this place.
 B = Non-inter-level travel time spent in this place.
 C = Inter-level travel time spent in this place.
 D = Time resting spent in this place.
 E = Time spent auto-exploring this place.
 F = Levels seen in this place.
 G = Mean time per level.
                   A        B        C        D        E       F      G
               +--------+--------+--------+--------+--------+-----+--------+
         Total |    131 |    131 |      0 |      0 |    111 |   1 |  131.0 |
       Dungeon |    131 |    131 |      0 |      0 |    111 |   1 |  131.0 |
               +--------+--------+--------+--------+--------+-----+--------+

Top non-repeatable levels by time:
     D:1: 131 daAuts
